AoeStats
← infinityishan

Fortress

510163182Analyzed
4v4 RM · 2d ago on Sep 29, 2026· 29m 5s· 8 players
Game mode
Random Map
Map size
Huge
Population
200
Speed
Normal
Resources
Standard
Victory
Conquest
Starting age
Dark Age
Ending age
Imperial Age
RankedLock teamsTeams togetherTeam positionsShared explorationLock speedFull tech treeHidden civsTurbo modeCheats
Victory
Defeat
🇲🇽 Teutons · Mexico
695
+13
🇪🇸 Shu · Spain
679
+14
🇦🇷 Britons · Argentina
677
+14
🇪🇸 Spanish · Spain
650
+15
🇮🇳 Byzantines · India
654
-19
🇮🇳 Teutons · India
643
-14
🇺🇸 Cumans · United States
630
-14
🇨🇴 Italians · Colombia
577
-12
Like Jc
6:24 Feudal Age
9:12 Double-Bit Axe
15:24 Wheelbarrow
18:54 Castle Age
19:59 Hand Cart
hangover
1:09 Loom
2:26 Loom
3:35 Loom
7:23 Feudal Age
5:41 Loom
9:05 Horse Collar
9:12 Double-Bit Axe
9:22 Gold Mining
17:16 Castle Age
19:21 Heavy Plow
19:36 Bow Saw
27:41 Imperial Age
infinityishan
3:33 Loom
5:37 Feudal Age
7:01 Wheelbarrow
6:21 Double-Bit Axe
9:15 Horse Collar
20:45 Castle Age
19:41 Gold Mining
19:43 Stone Mining
deiv.white
9:21 Feudal Age
10:39 Wheelbarrow
9:54 Double-Bit Axe
9:52 Horse Collar
10:41 Arson
10:16 Man-at-Arms
10:52 Gold Mining
13:19 Loom
16:09 Castle Age
19:50 Hand Cart
19:42 Heavy Plow
24:30 Bow Saw
26:11 Squires
Highlander
1:57 Loom
8:12 Feudal Age
9:17 Double-Bit Axe
9:14 Horse Collar
14:08 Castle Age
13:23 Wheelbarrow
17:34 Fletching
19:26 Bodkin Arrow
COR.Malagón
8:36 Feudal Age
8:09 Loom
9:11 Double-Bit Axe
9:43 Horse Collar
16:27 Castle Age
15:09 Fletching
15:25 Padded Archer Armor
16:23 Wheelbarrow
17:43 Bow Saw
17:47 Heavy Plow
17:39 Crossbowman
18:58 Bodkin Arrow
21:49 Pikeman
22:37 Thumb Ring
23:00 Ballistics
25:16 Leather Archer Armor
25:12 Forging
26:00 Hand Cart
COR.xonan2
8:27 Feudal Age
6:43 Loom
11:06 Double-Bit Axe
14:40 Fletching
16:58 Castle Age
16:28 Bloodlines
18:06 Wheelbarrow
18:17 Light Cavalry
19:01 Husbandry
19:13 Scale Barding Armor
19:28 Forging
chuchorex123
0:34 Loom
7:45 Feudal Age
9:21 Double-Bit Axe
12:52 Wheelbarrow
17:57 Castle Age
21:54 Bow Saw
25:34 Fervor
26:27 Town Watch
28:26 Hand Cart
Connection lost

Rejoining the realm…

Still unreachable

The connection could not be restored.

Session expired

The server has moved on; the page needs a fresh start.